 Dungeon Crawl Stone Soup version 0.28.0-62-gf88900778d (webtiles) character file.

Game seed: 14052891970816530507

7265 cbfl8 the Cleaver (level 10, 0/77 HPs)
             Began as a Minotaur Fighter on July 8, 2023.
             Was a Believer of Hepliaklqana.
             Slain by a death yak (21 damage)
             ... on level 9 of the Dungeon.
             The game lasted 00:12:39 (13528 turns).

cbfl8 the Cleaver (Minotaur Fighter)               Turns: 13528, Time: 00:12:39

Health: 0/77       AC: 19    Str: 27    XL:     10   Next: 89%
Magic:  9/9        EV:  6    Int:  5    God:    Hepliaklqana [**....]
Gold:   404        SH: 16    Dex: 14    Spells: 9/9 levels left

rFire   + + +      SeeInvis .   a - +0 war axe (freeze)
rCold   x . .      Faith    .   r - +1 kite shield of the Thistle {rElec}
rNeg    . . .      Spirit   .   y - +0 plate armour
rPois   .          Reflect  +   I - +0 hat
rElec   +          Harm     .   (no cloak)
rCorr   .          Rampage  .   d - +0 pair of gloves "Emoit" {rF++ Will+}
Will    +....                   K - +2 pair of boots
Stlth   ..........              G - amulet of reflection
HPRegen 0.22/turn               i - +6 ring of strength
MPRegen 0.11/turn               C - ring of fire

@: no status effects
A: reduced essence, horns 2, retaliatory headbutt
a: Renounce Religion, Recall Ancestor, Ancestor Identity


You were on level 9 of the Dungeon.
You worshipped Hepliaklqana.
Hepliaklqana was pleased with you.
You visited 2 branches of the dungeon, and saw 11 of its levels.

You collected 404 gold pieces.

Inventory:

Hand Weapons
 a - a +0 war axe of freezing (weapon)
Missiles
 z - 6 silver boomerangs
 F - a throwing net
Armour
 d - the +0 pair of gloves "Emoit" (worn) {rF++ Will+}
   (You found it on level 9 of the Dungeon)

   rF:        It greatly protects you from fire.
   Will:      It increases your willpower.
 r - the +1 kite shield of the Thistle (worn) {rElec}
   (You acquired it on level 10 of the Dungeon)

   rElec:     It insulates you from electricity.
 y - a +0 plate armour (worn)
 I - a +0 hat (worn)
 K - a +2 pair of boots (worn)
Jewellery
 c - a ring of magical power
 i - a +6 ring of strength (left hand)
 C - a ring of fire (right hand)
 G - an amulet of reflection (around neck)
Wands
 j - a wand of flame (8)
 D - a wand of polymorph (19)
 E - a wand of digging (4)
 J - a wand of mindburst (12) (quivered)
Scrolls
 b - 2 scrolls of fog
 e - 2 scrolls of enchant armour
 l - 2 scrolls of magic mapping
 p - a scroll of fear
 q - a scroll of teleportation
 t - 2 scrolls of immolation {unknown}
 u - 3 scrolls of enchant weapon {unknown}
 A - 4 scrolls of holy word {unknown}
 B - a scroll of noise
Potions
 f - 2 potions of attraction {unknown}
 g - 6 potions of curing {unknown}
 k - 2 potions of cancellation {unknown}
 m - 2 potions of lignification {unknown}
 n - 2 potions of ambrosia {unknown}
 o - a potion of heal wounds
 s - 2 potions of brilliance {unknown}
 x - a potion of flight {unknown}


   Skills:
 + Level 7.3 Fighting
 + Level 10.8 Axes
 * Level 7.1 Throwing
 + Level 9.3 Armour
 + Level 1.3 Stealth
 + Level 6.6 Shields
 * Level 6.3 Evocations


You had 9 spell levels left.
You didn't know any spells.
Your spell library contained the following spells:

 Spells                   Type           Power      Damage    Failure   Level
 Summon Small Mammal      Summ           0%         N/A       100%        1
 Ensorcelled Hibernation  Hex/Ice        0%         N/A       100%        2
 Dazzling Flash           Conj/Hex       0%         N/A       100%        3
 Ignite Poison            Fire/Tmut/Pois 0%         N/A       100%        3
 Mephitic Cloud           Conj/Pois/Air  0%         N/A       100%        3
 Ozocubu's Armour         Ice            0%         N/A       100%        3
 Spider Form              Tmut/Pois      0%         N/A       100%        3
 Anguish                  Hex/Necr       0%         N/A       100%        4
 Iskenderun's Mystic Bla  Conj/Tloc      0%         2d3       100%        4
 Freezing Cloud           Conj/Ice/Air   0%         6-21      100%        5
 Metabolic Englaciation   Hex/Ice        0%         N/A       100%        5
 Summon Forest            Summ/Tloc      0%         N/A       100%        5
 Starburst                Conj/Fire      0%         6d3       100%        6


Dungeon Overview and Level Annotations

Branches:
Dungeon (10/15)            Temple (1/1) D:7            Lair (0/6) D:9
    Orc (0/2) D:10

Altars:
Ashenzari
Dithmenos
Elyvilon
Fedhas
Hepliaklqana
Kikubaaqudgha
Makhleb
Nemelex Xobeh
Okawaru
Qazlal
Trog
Vehumet
Wu Jian
Xom
Zin
The Shining One

Shops:
D:8 *

Annotations:
D:2 1 runed translucent door, Crazy Yiuf


Innate Abilities, Weirdness & Mutations

Your life essence is reduced to manifest your ancestor. (-10% HP)
You have a pair of horns on your head.
You reflexively headbutt those who attack you in melee.


Message History

The death yak is heavily wounded.
The death yak gores you but does no damage.
Unknown command.
You hit the death yak but do no damage.
The death yak is heavily wounded.
The death yak gores you!
Unknown command.
You hit the death yak. You freeze the death yak.
The death yak is heavily wounded.
The death yak gores you but does no damage.
You block the death yak's attack.
Unknown command.
You hit the death yak but do no damage.
You headbutt the death yak, but do no damage.
The death yak is heavily wounded.
You block the death yak's attack.
You slash the death yak! You freeze the death yak.
The death yak is severely wounded.
The death yak barely misses you. You furiously retaliate!
You headbutt the death yak. You hit the death yak but do no damage.
You headbutt the death yak, but do no damage.
The death yak is almost dead.
You block the death yak's attack.
You barely miss the death yak.
The death yak is severely wounded.
You block the death yak's attack.
You barely miss the death yak.
The death yak is severely wounded.
The death yak gores you!!
* * * LOW HITPOINT WARNING * * *
You are too injured to fight recklessly!
You barely miss the death yak.
The death yak is severely wounded.
The death yak gores you.
* * * LOW HITPOINT WARNING * * *
You hit the death yak. You freeze the death yak.
The death yak is almost dead.
The death yak gores you!!
You die...

## #...# .. ##### #...# ..
#...#### #...# .. #......#
#...####+## .. #...##.#
#...#.....#
####...##.###########...#.....#
.......##..........##...#..##.#
.......##......Y...##...#.....#
.......##.......@..##...#.....###
..##...##############...'........
..##...# #...#...#..#. #'##...#
#...#......#. ...#...# .......
#...#........ ...#...# .(.....
#...#.###.... ...######.......
###'##.###.... ........#.......
+..††........#
###.#...#..........#...#.........


You could see a death yak.

Vanquished Creatures
  A centaur warrior (D:10)
  Maggie (D:6)
  An unseen horror (D:10)
  Grinder (D:6)
  Prince Ribbit (D:5)
  2 wyverns (D:10)
  Eustachio (D:4)
  A steam dragon (D:5)
  5 water moccasins
  A black bear (D:7)
  An ice beast (D:7)
  Duvessa (D:7)
  3 orc warriors
  4 sky beasts
  2 necrophages
  7 ogres
  A centaur (D:9)
  2 bullfrogs (D:7)
  A wyvern zombie (D:7)
  A scorpion (D:7)
  Dowan (D:7)
  10 killer bees
  5 howler monkeys
  4 centaur zombies
  2 orc priests
  5 hounds
  4 bullfrog skeletons
  A jelly (D:6)
  Jessica (D:2)
  An iguana (D:5)
  5 orc wizards
  Terence (D:2)
  Robin (D:3)
  15 gnolls
  A howler monkey skeleton (D:6)
  5 adders
  2 worms
  3 dart slugs
  24 orcs
  7 ball pythons
  10 endoplasms
  4 giant cockroaches
  13 goblins
  7 hobgoblins
  3 jackals (D:4)
  19 kobolds
  5 quokkas
  10 bats
  5 frilled lizards
  3 rats
215 creatures vanquished.

Vanquished Creatures (collateral kills)
  A death yak (D:10)
  An unseen horror (D:10)
  A kobold brigand (D:9)
  An orc wizard (D:9)
4 creatures vanquished.

Vanquished Creatures (others)
  A wizard (D:3)
  An ancestor (D:9)
  3 battlemagi (D:10)
5 creatures vanquished.

Grand Total: 224 creatures vanquished

Notes
Turn   | Place    | Note
-------+----------+-------------------------------------------
     0 | D:1      | cbfl8 the Minotaur Fighter began the quest for the Orb.
     0 | D:1      | Reached XP level 1. HP: 19/19 MP: 0/0
   237 | D:1      | Reached XP level 2. HP: 27/27 MP: 1/1
   335 | D:1      | You fall into a shaft and drop 1 floor!
   336 | D:2      | Noticed Jessica
   342 | D:2      | Killed Jessica
   343 | D:2      | Reached skill level 1 in Throwing
   343 | D:2      | Reached XP level 3. HP: 30/33 MP: 2/2
   433 | D:2      | Noticed Terence
   437 | D:2      | Killed Terence
   468 | D:2      | Reached XP level 4. HP: 34/40 MP: 3/3
  1786 | D:2      | Found a runed translucent door.
  1787 | D:2      | Noticed Crazy Yiuf
  2321 | D:3      | Reached skill level 1 in Evocations
  2484 | D:3      | Found a faded altar of an unknown god.
  2674 | D:3      | Noticed Robin
  2696 | D:3      | Killed Robin
  2697 | D:3      | Reached skill level 3 in Axes
  2701 | D:3      | Reached XP level 5. HP: 42/46 MP: 4/4
  2708 | D:3      | Reached skill level 5 in Armour
  3046 | D:3      | Found a glowing golden altar of the Shining One.
  3107 | D:3      | Found a bloodstained altar of Trog.
  3108 | D:3      | Noticed a wizard
  3113 | D:3      | Killed a wizard
  3434 | D:3      | Found a large runed translucent door.
  3439 | D:3      | Found a large runed translucent door.
  3533 | D:3      | Found a shimmering altar of Xom.
  3697 | D:4      | Noticed a necrophage
  3709 | D:4      | Killed a necrophage
  3710 | D:4      | Reached skill level 4 in Axes
  3710 | D:4      | Reached XP level 6. HP: 37/52 MP: 5/5
  5085 | D:4      | Found an ornate altar of the Wu Jian Council.
  5164 | D:4      | Reached skill level 5 in Axes
  5164 | D:4      | Reached XP level 7. HP: 17/57 MP: 6/6
  5490 | D:4      | Noticed Eustachio
  5516 | D:4      | Killed Eustachio
  5665 | D:4      | Reached skill level 6 in Axes
  6155 | D:5      | Entered Level 5 of the Dungeon
  6201 | D:5      | Noticed Prince Ribbit
  6208 | D:5      | Killed Prince Ribbit
  6209 | D:5      | Reached XP level 8. HP: 59/67 MP: 7/7
  6304 | D:5      | Reached skill level 5 in Fighting
  6462 | D:5      | Reached skill level 1 in Stealth
  6837 | D:5      | Reached skill level 7 in Axes
  6990 | D:5      | Identified the +4 great sword of Gionit {speed, Fly Dex+3
                  | SInv}
  7708 | D:5      | Reached skill level 5 in Shields
  7922 | D:6      | Noticed Grinder
  7929 | D:6      | Paralysed by Grinder for 2 turns
  7932 | D:6      | Killed Grinder
  7933 | D:6      | Reached XP level 9. HP: 50/75 MP: 8/8
  8202 | D:6      | Found a shadowy altar of Dithmenos.
  8246 | D:6      | Reached skill level 8 in Axes
  8293 | D:6      | Got the Papyrus of Summoning and the Frostbite
  8393 | D:6      | Noticed Maggie
  8404 | D:6      | Killed Maggie
  8585 | D:6      | Reached skill level 5 in Throwing
  9061 | D:7      | Reached skill level 9 in Axes
  9254 | D:7      | Reached skill level 5 in Evocations
  9263 | D:7      | Found an iron altar of Okawaru.
  9562 | D:7      | Noticed Duvessa
  9565 | D:7      | Noticed Dowan
  9574 | D:7      | Killed Duvessa
  9586 | D:7      | Killed Dowan
  9774 | D:7      | Found a staircase to the Ecumenical Temple.
  9798 | D:7      | Reached XP level 10. HP: 68/84 MP: 9/9
  9918 | Temple   | Entered the Ecumenical Temple
 10112 | Temple   | Became a worshipper of Hepliaklqana the Forgotten
 10272 | D:7      | Found a glowing silver altar of Zin.
 10373 | D:8      | Found Kuifekh's Assorted Antiques.
 10643 | D:8      | Reached skill level 10 in Axes
 10934 | D:9      | Reached * piety under Hepliaklqana
 11019 | D:9      | Noticed a death yak
 11019 | D:9      | Noticed a death yak
 11022 | D:9      | Noticed a death yak
 11022 | D:9      | Noticed a death yak
 11023 | D:9      | Noticed a death yak
 11023 | D:9      | Noticed a death yak
 11027 | D:9      | Found a broken altar of Ashenzari.
 11246 | D:9      | Found a large runed translucent door.
 11246 | D:9      | Found a large runed translucent door.
 11249 | D:9      | Found a blossoming altar of Fedhas.
 11938 | D:9      | Found a staircase to the Lair.
 11959 | D:9      | Noticed a death yak
 11972 | D:9      | Identified the +0 pair of gloves "Emoit" {rF++ Will+}
 11983 | D:10     | Entered Level 10 of the Dungeon
 11983 | D:10     | Noticed a centaur warrior
 11996 | D:10     | Killed a centaur warrior
 12265 | D:10     | Found a staircase to the Orcish Mines.
 12319 | D:10     | Reached ** piety under Hepliaklqana
 12328 | D:10     | Remembered your ancestor Valentine as a battlemage
 12363 | D:10     | Identified a scroll of acquirement
 12364 | D:10     | Acquired the +1 kite shield of the Thistle {rElec}
 12605 | D:10     | Identified the +7 hand axe "Viytothy" {protect, Dex+2}
 12684 | D:10     | Identified the +1 ring mail of Honeoq {Int+6}
 12974 | D:10     | Killed a death yak
 13528 | D:9      | Slain by a death yak

Illustrated notes

Levels and vault maps discovered:
D:1:      psy_arrival_radial02, layout_basic
D:2:      layout_basic, roderic_lattice_a, minivault_11, uniq_terence,
          uniq_crazy_yiuf_cottage, uniq_jessica
D:3:      due_chaos_kobolds, layout_basic, trog_wizard,
          mainiacjoe_overflow_cross_hatched, shapermc_ecumenical_altar_gd,
          grunt_decor_mini_mirrors, hangedman_decor_points,
          minmay_misc_feat_four_crosses, uniq_robin
D:4:      layout_basic, old_standard_altar, serial_co_window_serial,
          co_window_paths_a, co_window_of_opportunity_a, co_window_corner_a,
          co_window_paths_b, co_window_paths_b, co_window_corner_ca,
          co_window_broadway_c, co_window_unsneaky_path_b, co_window_paths_d,
          co_window_4corner_b, glass_columns_b, glass_columns_c,
          glass_columns_c, minmay_between, uniq_eustachio
D:5:      layout_basic, uniq_prince_ribbit1
D:6:      layout_loops_corners, nicolae_dithmenos_shadow_blocks,
          grunt_ministairs_3, uniq_grinder, uniq_maggie
D:7:      layout_cave_pools, zin_academy, kennysheep_okawaru_gauntlet,
          minmay_temple_entry_enclosed_plants, minmay_misc_feat_more_columns,
          uniq_duvessa
D:8:      layout_rooms, serial_shops, shop_fountains, solitary_fountain
D:9:      layout_stronghold, mainiacjoe_overflow_alcove_2,
          jmf_multi_god_temple2, dpeg_lair_monsters
D:10:     layout_rooms, orc_0_dummy
Temple:   dshaligram_water_room_temple

Skill      XL: |  1  2  3  4  5  6  7  8  9 10 |
---------------+-------------------------------+-----
Throwing       | 1 2 3 4 5 7 |  7.1
Armour         | 4 5 6 7 8 9 |  9.3
Shields        | 4 5 6 |  6.6
Evocations     | 1 2 3 4 5 6 |  6.3
Axes           | 3 4 5 6 7 9 10 | 10.8
Fighting       | 4 5 6 7 |  7.3
Stealth        | 1 |  1.3

Action                   |  1- 3 |  4- 6 |  7- 9 | 10-12 || total
-------------------------+-------+-------+-------+-------++-------
Melee: War axe           |    29 |   236 |   254 |   141 ||   660
       Headbutt          |     3 |    31 |    39 |    23 ||    96
Invok: Ancestor Life: Ba |       |       |       |     1 ||     1
       Ancestor Identity |       |       |       |     1 ||     1
Evoke: Wand              |       |       |     6 |     5 ||    11
  Use: Potion            |     1 |       |     2 |     2 ||     5
       Scroll            |       |     5 |     1 |    10 ||    16
 Stab: Distracted        |       |       |     1 |       ||     1
Armor: Scale mail        |    14 |    19 |       |       ||    33
       Chain mail        |       |   111 |    22 |       ||   133
       Plate armour      |       |       |   142 |   123 ||   265
Dodge: Dodged            |    13 |    77 |    85 |    49 ||   224
Block: Buckler           |     8 |    54 |    73 |    68 ||   203
       Kite shield       |       |       |       |    31 ||    31
       Reflection        |       |       |       |     3 ||     3
